 Dungeon Crawl Stone Soup version 0.28.0-43-g3370ac3207 (webtiles) character file.

Game seed: 5540707868255574603

32 Iusername the Slasher (level 3, 0/30 HPs)
             Began as a Minotaur Gladiator on Apr 1, 2022.
             Was a Follower of Wu Jian.
             Slain by an adder (3 damage)
             ... on level 2 of the Dungeon.
             The game lasted 00:07:19 (1203 turns).

Iusername the Slasher (Minotaur Gladiator)          Turns: 1203, Time: 00:07:20

Health: 0/30       AC:  5    Str: 20    XL:     3   Next: 8%
Magic:  2/2        EV:  8    Int:  7    God:    Wu Jian [*.....]
Gold:   72         SH:  9    Dex: 11    Spells: 2/2 levels left

rFire   . . .      SeeInvis .   a - +0 long sword
rCold   . . .      Faith    .   f - +0 tower shield {rPois}
rNeg    . . .      Spirit   .   b - +0 leather armour
rPois   +          Reflect  .   c - +0 hat
rElec   .          Harm     .   (no cloak)
rCorr   .          Rampage  .   (no gloves)
Will    .....      Clarity  +   (no boots)
Stlth   +.........              (no amulet)
HPRegen 0.10/turn               (no ring)
MPRegen 0.08/turn               (no ring)

@: lethally poisoned (0 -> -1)
A: horns 2, retaliatory headbutt, iridescent scales 1, clarity, strong 1
a: Renounce Religion


You were on level 2 of the Dungeon.
You worshipped Wu Jian.
Wu Jian was aware of your devotion.
You visited 1 branch of the dungeon, and saw 2 of its levels.

You collected 72 gold pieces.

Inventory:

Hand Weapons
 a - a +0 long sword (weapon)
Missiles
 d - 3 throwing nets (quivered)
Armour
 b - a +0 leather armour (worn)
 c - a +0 hat (worn)
 f - a +0 tower shield of poison resistance (worn)
Magical Staves
 m - a staff of cold
Scrolls
 e - a scroll of amnesia {unknown}
 g - a scroll of noise {unknown}
 h - a scroll of fear {unknown}
 l - a scroll of teleportation {unknown}
 n - 2 scrolls of identify {unknown}
 o - a scroll of vulnerability {unknown}
 p - a scroll of immolation {unknown}
Potions
 i - a potion of curing {unknown}
 j - 2 potions of degeneration {unknown}


   Skills:
 + Level 2.6 Fighting
 + Level 4.3 Long Blades
 + Level 2.3 Throwing
 + Level 3.7 Dodging
 + Level 0.1 Shields


You had 2 spell levels left.
You didn't know any spells.
Your spell library contained the following spells:

 Spells                   Type           Power      Damage    Failure   Level
 Shock                    Conj/Air       0%         1d3       100%        1
 Swiftness                Air            0%         N/A       100%        3
 Airstrike                Air            0%         N/A       100%        4
 Petrify                  Tmut/Erth      0%         N/A       100%        4
 Metabolic Englaciation   Hex/Ice        0%         N/A       100%        5
 Statue Form              Tmut/Erth      0%         N/A       100%        6


Dungeon Overview and Level Annotations

Branches:
Dungeon (2/15)

Altars:
Okawaru
Wu Jian

Shops:
D:1 ?


Innate Abilities, Weirdness & Mutations

You have a pair of horns on your head.
You reflexively headbutt those who attack you in melee.
You are partially covered in iridescent scales. (AC +2)
You possess an exceptional clarity of mind.
Your muscles are strong. (Str +2)


Message History

You closely miss the adder. The adder bites you but does no damage.
The adder closely misses you.
You completely miss the adder. The adder bites you but does no damage.
The adder bites you.
You are poisoned.
The adder poisons you! The adder closely misses you.
You miss the adder.
You headbutt the adder, but do no damage.
You feel sick. You block the adder's attack.
The adder bites you but does no damage.
You barely miss the adder.
You feel sick. The adder bites you but does no damage.
You block the adder's attack.
You hit the adder. Your headbutt misses the adder.
The adder is moderately wounded.
You feel sick. You block the adder's attack. x2
You closely miss the adder.
The adder is moderately wounded.
You feel sick.
You are no longer poisoned.
You block the adder's attack. x2
You closely miss the adder.
The adder is moderately wounded.
The adder bites you.
* * * LOW HITPOINT WARNING * * *
You are poisoned.
The adder poisons you! The adder closely misses you. You furiously retaliate!
You headbutt the adder, but do no damage.
You barely miss the adder. Your headbutt misses the adder.
The adder is moderately wounded.
You feel sick. You block the adder's attack. x2
It was a potion of mutation.
You feel extremely strange.
Iridescent scales grow over part of your body.
You feel stronger.
Your thoughts seem clearer.
You feel sick. The adder bites you but does no damage. The adder bites you.
* * * LOW HITPOINT WARNING * * *
You closely miss the adder.
The adder is moderately wounded.
* * * LOW HITPOINT WARNING * * *
You feel sick. You block the adder's attack. The adder bites you.
You die...

########## #.....S@.#
......†..# .#######.#
##### ##.##########...##
#.................
##..###.#.#.##.....
.#####............#.._..
.........###.#.#..#.....
.........###......#.....


You could see an adder.

Vanquished Creatures
  An adder (D:2)
  A dart slug (D:1)
  3 ball pythons
  3 endoplasms
  2 hobgoblins
  4 bats
  4 kobolds
  2 rats
20 creatures vanquished.

Vanquished Creatures (others)
  11 demonic plants (D:1)
  A fungus (D:1)
  A plant (D:1)
  3 withered plants (D:1)
16 creatures vanquished.

Grand Total: 36 creatures vanquished

Notes
Turn   | Place    | Note
-------+----------+-------------------------------------------
     0 | D:1      | Iusername the Minotaur Gladiator began the quest for the
                  | Orb.
     0 | D:1      | Reached XP level 1. HP: 18/18 MP: 0/0
    47 | D:1      | Found Zufeom's Magic Scroll Emporium.
   350 | D:1      | Found a faded altar of an unknown god.
   374 | D:1      | Reached skill level 4 in Long Blades
   374 | D:1      | Reached XP level 2. HP: 19/25 MP: 1/1
   415 | D:1      | Prayed at the altar of an unknown god.
   415 | D:1      | Became a worshipper of the Wu Jian Council
   415 | D:1      | Reached * piety under Wu Jian
  1111 | D:2      | Found an iron altar of Okawaru.
  1189 | D:2      | Reached XP level 3. HP: 25/30 MP: 2/2
  1202 | D:2      | Gained mutation: You are partially covered in iridescent
                  | scales. (AC +2) [potion of mutation]
  1202 | D:2      | Gained mutation: Your muscles are strong. (Str +2) [potion
                  | of mutation]
  1202 | D:2      | Gained mutation: You possess an exceptional clarity of
                  | mind. [potion of mutation]
  1203 | D:2      | Slain by an adder

Illustrated notes

Levels and vault maps discovered:
D:1:      dpeg_arrival_tiny_d, layout_rooms, serial_shops, nicolae_square_shop,
          shapermc_ecumenical_altar_gd, interstate_on_off
D:2:      layout_loops_ring, basic_altar, minmay_door_square, minmay_3d_cube,
          uniq_natasha, uniq_jessica, uniq_crazy_yiuf_cottage

Skill      XL: |  1 |
---------------+----+-----
Long Blades    | 4 |  4.3
Fighting       | |  2.6
Throwing       | |  2.3
Dodging        | |  3.7
Shields        | |  0.1

Action                   || total
-------------------------++-------
Melee: Long sword        ||    85
       Headbutt          ||    16
Invok: Whirlwind         ||     2
       Lunge             ||     1
  Use: Potion            ||     1
Armor: Leather armour    ||    19
Dodge: Dodged            ||    24
Block: Tower shield      ||    28
